Avalanche vs Kraken

Created - June 4, 2025 at 20:36

Goals
1 2 3 T
Avalanche 1 0 0 1
Kraken 3 1 0 4
Shots
1 2 3 T
Avalanche 9 6 17 32
Kraken 15 14 5 34

1st period

1. Avalanche , Andrei Kuzmenko 2 (Rickard Rakell 4, Jean-Gabriel Pageau 2) at 3:14
2. Kraken , Zach Hyman 1 (Logan Couture 4, Tyler Bertuzzi 2) at 12:26
3. Kraken , Andrei Loktionov 3 (Jason Spezza 2, Brady Skjei 6) at 13:00
4. Kraken , Jalen Chatfield 1 (Jamie Oleksiak 3, Marcus Johansson 2) at 13:39

Penalties :
Bryan Little (Col) for Interference (Minor) at 9:14

2nd period

5. Kraken , Andrei Loktionov 4 (Marcus Johansson 3, Jason Spezza 3) at 5:34

Penalties :
Brian Dumoulin (Col) for Tripping (Minor) at 6:24, Drake Caggiula (Col) for Cross-checking (Minor) at 11:36

3rd period

No Goal

Penalties :
Jakub Zboril (Sea) for Holding (Minor) at 10:48

Goalie Stats

Robin Lehner (Col), 30 saves from 34 shots - (0.882), L, 2-4-0, 60:00 minutes
Joonas Korpisalo (Sea), 31 saves from 32 shots - (0.969), W, 2-2-0, 60:00 minutes

Players Stats for Avalanche

Player Name              G  A  P  +/- PIM S  H  SB GA TA FO     MP     PP MP  PK MP  
------------------------------------------------------------------------------------
Andrei Kuzmenko          1  0  1  -1  0   4  1  0  2  1  0/0    14:53   0:39   0:00 
Anthony Duclair          0  0  0   0  0   1  0  0  0  0  0/0     8:52   0:00   0:11 
Brian Dumoulin           0  0  0   1  2   2  3  1  0  0  0/0    20:19   1:21   1:55 
Bryan Little             0  0  0  -1  2   2  1  0  0  1  4/13   17:09   0:39   1:52 
David Rundblad           0  0  0   1  0   1  2  4  0  0  0/0    18:24   1:21   0:00 
Drake Caggiula           0  0  0   0  2   1  1  0  0  0  1/1     8:50   0:00   0:22 
Jack Johnson             0  0  0  -3  0   3  2  2  0  2  0/0    22:59   0:38   3:05 
Jacob Slavin             0  0  0  -3  0   1  1  2  1  2  0/0    22:59   0:38   3:05 
Jean-Gabriel Pageau      0  1  1  -1  0   1  2  0  0  1  10/22  19:13   1:20   2:59 
Jeff Carter              0  0  0  -1  0   0  2  2  0  0  6/14   14:09   0:00   0:00 
Jordan Schmaltz          0  0  0  -1  0   2  0  3  0  1  0/0    16:42   0:00   0:57 
Joseph Blandisi          0  0  0  -1  0   3  0  0  0  0  0/0    14:20   0:00   0:00 
Kyle Clifford            0  0  0  -1  0   3  2  1  0  0  0/1    18:53   1:20   2:47 
Luke Witkowski           0  0  0   0  0   1  1  1  0  1  0/0    10:48   0:00   2:59 
Nick Cousins             0  0  0  -1  0   3  1  0  1  0  2/2    14:48   0:39   0:00 
Patric Hornqvist         0  0  0  -1  0   1  0  0  0  0  0/0    14:31   0:00   0:00 
Rickard Rakell           0  1  1  -1  0   1  1  0  0  0  2/3    17:34   1:20   0:44 
Stefan Elliott           0  0  0  -1  0   2  0  1  0  0  0/0    18:37   0:00   2:52 

Players Stats for Kraken

Player Name              G  A  P  +/- PIM S  H  SB GA TA FO     MP     PP MP  PK MP  
------------------------------------------------------------------------------------
Andrei Loktionov         2  0  2   2  0   4  1  1  0  1  9/15   16:55   3:24   0:00 
Brady Skjei              0  1  1   0  0   3  0  1  0  0  0/0    25:46   3:25   0:58 
Brendan Gallagher        0  0  0   0  0   1  1  0  0  0  0/0    20:03   2:33   0:00 
Brendan Lemieux          0  0  0   0  0   1  2  1  1  0  0/0    21:17   2:33   0:58 
Erik Gudbranson          0  0  0   0  0   1  2  3  0  0  0/0    25:46   3:25   0:58 
Jakub Zboril             0  0  0   1  2   0  1  2  0  0  0/0    13:56   0:00   0:00 
Jalen Chatfield          1  0  1   1  0   3  1  1  0  0  0/0    15:40   0:00   0:00 
Jamie Oleksiak           0  1  1   2  0   2  2  0  0  0  0/0    21:09   2:32   1:01 
Jason Spezza             0  2  2   2  0   2  1  0  1  0  0/0    16:55   3:24   0:00 
JT Compher               0  0  0   0  0   2  1  0  1  0  0/0     8:39   0:00   0:00 
Kyle Rau                 0  0  0   0  0   1  0  0  0  0  3/4    10:14   0:00   1:01 
Logan Couture            0  1  1   1  0   2  1  0  0  0  3/7    12:48   0:00   0:58 
Marcus Johansson         0  2  2   2  0   3  1  0  0  0  0/0    16:55   3:24   0:00 
Olli Maatta              0  0  0   2  0   5  1  0  2  2  0/0    18:34   2:32   1:01 
Ryan Nugent-Hopkins      0  0  0   0  0   1  0  0  1  1  15/29  20:03   2:33   0:00 
Tyler Bertuzzi           0  1  1   1  0   1  2  1  2  0  1/1    13:09   0:00   1:01 
Victor Olofsson          0  0  0   0  0   0  1  0  0  0  0/0     8:39   0:00   0:00 
Zach Hyman               1  0  1   1  0   2  0  1  1  0  0/0    11:32   0:00   0:00 

3 Stars

1 - Andrei Loktionov (Sea)
2 - Joonas Korpisalo (Sea)
3 - Marcus Johansson (Sea)

Power Play

Avalanche - 0 on 1 Attempt(s) - 0.00%
Kraken - 0 on 3 Attempt(s) - 0.00%

Penalty Kill

Avalanche - 3 on 3 Attempt(s) - 100.00% - Score 0 goal in Penalty Kill
Kraken - 1 on 1 Attempt(s) - 100.00% - Score 0 goal in Penalty Kill

Team Stat

Avalanche - Hits : 20 - Faceoff Wins : 25 - Blocked Shots : 17 - Penalty Minutes : 6
Kraken - Hits : 18 - Faceoff Wins : 31 - Blocked Shots : 11 - Penalty Minutes : 2

Official

Referees : Brian Pochmara and Chris Schlenker
Linesman : Kiel Murchison and Steve Barton

Game Notes

No Game Note

Finance

Level 1 -- Attendance: 5941 (99.02%) -- Ticket Income $594,100
Level 2 -- Attendance: 5000 (100.00%) -- Ticket Income $350,000
Level 3 -- Attendance: 2000 (100.00%) -- Ticket Income $80,000
Level 4 -- Attendance: 4000 (100.00%) -- Ticket Income $120,000
Luxury Box -- Attendance: 1000 (100.00%) -- Ticket Income $200,000
Game was played at the Climate Pledge Arena.
Total Attendance: 17941 (99.67%)
Total Ticket Income: $1,344,100
Other Income: $201,615
Total Income: $1,545,715

Avalanche

5 vs 5 Forward 
   Center                   Left Wing                Right Wing               Time % Phy DF OF 
 1 Jean-Gabriel Pageau      Andrei Kuzmenko          Rickard Rakell           31     1   2  2  
 2 Bryan Little             Kyle Clifford            Patric Hornqvist         31     1   2  2  
 3 Jeff Carter              Joseph Blandisi          Nick Cousins             27     1   2  2  
 4 Drake Caggiula           Anthony Duclair          Luke Witkowski           11     1   2  2  

5 vs 5 Defense 
   Defense                  Defense                                           Time % Phy DF OF 
 1 Jacob Slavin             Jack Johnson                                      35     1   2  2  
 2 Brian Dumoulin           David Rundblad                                    33     1   2  2  
 3 Stefan Elliott           Jordan Schmaltz                                   28     1   2  2  
 4 Stefan Elliott           Jordan Schmaltz                                   4      1   2  2  

PowerPlay Forward 
   Center                   Left Wing                Right Wing               Time % Phy DF OF 
 1 Jean-Gabriel Pageau      Kyle Clifford            Rickard Rakell           50     0   1  4  
 2 Bryan Little             Andrei Kuzmenko          Nick Cousins             50     0   1  4  

PowerPlay Defense
   Defense                  Defense                                           Time % Phy DF OF 
 1 Jacob Slavin             Jack Johnson                                      50     0   2  3  
 2 Brian Dumoulin           David Rundblad                                    50     0   2  3  

Penalty Kill 4 Players Forward 
   Center                   Wing                     Time % Phy DF OF 
 1 Jean-Gabriel Pageau      Luke Witkowski           50     1   3  1  
 2 Bryan Little             Kyle Clifford            50     1   3  1  

Penalty Kill 4 Players Defense
   Defense                  Defense                  Time % Phy DF OF 
 1 Jacob Slavin             Jack Johnson             50     1   3  1  
 2 Brian Dumoulin           Stefan Elliott           50     1   3  1  

Penalty Kill - 3 Players Forward 
   Forward                                           Time % Phy DF OF 
 1 Luke Witkowski                                    57     1   4  0  
 2 Kyle Clifford                                     43     1   4  0  

Penalty Kill - 3 Players Defense
   Defense                  Defense                  Time % Phy DF OF 
 1 Jacob Slavin             Jack Johnson             50     1   4  0  
 2 Brian Dumoulin           Stefan Elliott           50     1   4  0  

4 vs 4 Forward 
   Center                   Wing                     Time % Phy DF OF 
 1 Jean-Gabriel Pageau      Kyle Clifford            50     1   2  2  
 2 Bryan Little             Andrei Kuzmenko          50     1   2  2  

4 vs 4 Defense
   Defense                  Defense                  Time % Phy DF OF 
 1 Jacob Slavin             Stefan Elliott           55     1   2  2  
 2 Jack Johnson             David Rundblad           45     1   2  2  

Last Minutes Offensive
   Center                   Left Wing                Right Wing               Defense                  Defense                  
   Jean-Gabriel Pageau      Anthony Duclair          Patric Hornqvist         Jacob Slavin             Brian Dumoulin           

Last Minutes Defensive
   Center                   Left Wing                Right Wing               Defense                  Defense                  
   Jean-Gabriel Pageau      Kyle Clifford            Luke Witkowski           Jacob Slavin             Jack Johnson             

Goaltenders
Starting : Robin Lehner             
Backup : Semyon Varlamov          

Extra Forwards
Normal : Drake Caggiula, Joseph Blandisi, Luke Witkowski - PP : Anthony Duclair, Jeff Carter - PK : Rickard Rakell
Extra Defensemen
Normal : Stefan Elliott, Jordan Schmaltz, David Rundblad - PP : Stefan Elliott - PK : Jordan Schmaltz, David Rundblad
Penalty Shots
Andrei Kuzmenko, Joseph Blandisi, Bryan Little, Patric Hornqvist, Kyle Clifford
Custom OT Lines Forwards
Kyle Clifford, Jean-Gabriel Pageau, Bryan Little, Patric Hornqvist, Rickard Rakell, Andrei Kuzmenko, Nick Cousins, Luke Witkowski, Jeff Carter, Joseph Blandisi
Custom OT Lines Defensemen
Jacob Slavin, Brian Dumoulin, Jack Johnson, David Rundblad, Jordan Schmaltz

Scratches
Jarred Tinordi (Healthy), Ryan Hartman (Healthy), Vladislav Gavrikov (Broken Right Index Finger Injury)

Kraken

5 vs 5 Forward 
   Center                   Left Wing                Right Wing               Time % Phy DF OF 
 1 Ryan Nugent-Hopkins      Brendan Lemieux          Brendan Gallagher        40     0   1  4  
 2 Andrei Loktionov         Marcus Johansson         Jason Spezza             30     0   1  4  
 3 Logan Couture            Tyler Bertuzzi           Zach Hyman               25     0   1  4  
 4 Kyle Rau                 JT Compher               Victor Olofsson          5      1   2  2  

5 vs 5 Defense 
   Defense                  Defense                                           Time % Phy DF OF 
 1 Brady Skjei              Erik Gudbranson                                   40     0   3  2  
 2 Olli Maatta              Jakub Zboril                                      30     0   3  2  
 3 Jamie Oleksiak           Jalen Chatfield                                   29     0   3  2  
 4 Jamie Oleksiak           Jalen Chatfield                                   1      0   3  2  

PowerPlay Forward 
   Center                   Left Wing                Right Wing               Time % Phy DF OF 
 1 Ryan Nugent-Hopkins      Brendan Lemieux          Brendan Gallagher        50     0   1  4  
 2 Andrei Loktionov         Marcus Johansson         Jason Spezza             50     0   1  4  

PowerPlay Defense
   Defense                  Defense                                           Time % Phy DF OF 
 1 Brady Skjei              Erik Gudbranson                                   50     0   1  4  
 2 Olli Maatta              Jamie Oleksiak                                    50     0   1  4  

Penalty Kill 4 Players Forward 
   Center                   Wing                     Time % Phy DF OF 
 1 Logan Couture            Brendan Lemieux          55     1   3  1  
 2 Kyle Rau                 Tyler Bertuzzi           45     1   3  1  

Penalty Kill 4 Players Defense
   Defense                  Defense                  Time % Phy DF OF 
 1 Brady Skjei              Erik Gudbranson          55     1   3  1  
 2 Olli Maatta              Jamie Oleksiak           45     1   3  1  

Penalty Kill - 3 Players Forward 
   Forward                                           Time % Phy DF OF 
 1 Ryan Nugent-Hopkins                               50     1   3  1  
 2 Andrei Loktionov                                  50     1   3  1  

Penalty Kill - 3 Players Defense
   Defense                  Defense                  Time % Phy DF OF 
 1 Olli Maatta              Jamie Oleksiak           50     1   3  1  
 2 Jalen Chatfield          Jakub Zboril             50     1   3  1  

4 vs 4 Forward 
   Center                   Wing                     Time % Phy DF OF 
 1 Andrei Loktionov         Tyler Bertuzzi           50     1   2  2  
 2 Logan Couture            Marcus Johansson         50     1   2  2  

4 vs 4 Defense
   Defense                  Defense                  Time % Phy DF OF 
 1 Olli Maatta              Jakub Zboril             50     1   2  2  
 2 Jalen Chatfield          Jamie Oleksiak           50     1   2  2  

Last Minutes Offensive
   Center                   Left Wing                Right Wing               Defense                  Defense                  
   Ryan Nugent-Hopkins      Marcus Johansson         Brendan Lemieux          Brady Skjei              Erik Gudbranson          

Last Minutes Defensive
   Center                   Left Wing                Right Wing               Defense                  Defense                  
   Logan Couture            Tyler Bertuzzi           Zach Hyman               Olli Maatta              Jamie Oleksiak           

Goaltenders
Starting : Joonas Korpisalo         
Backup : Thomas McCollum          

Extra Forwards
Normal : Logan Couture, Tyler Bertuzzi, Kyle Rau - PP : Logan Couture, Tyler Bertuzzi - PK : Brendan Lemieux
Extra Defensemen
Normal : Jamie Oleksiak, Jalen Chatfield, Olli Maatta - PP : Jamie Oleksiak - PK : Jalen Chatfield, Olli Maatta
Penalty Shots
Zach Hyman, Logan Couture, Jason Spezza, Ryan Nugent-Hopkins, Marcus Johansson
Custom OT Lines Forwards
Ryan Nugent-Hopkins, Jason Spezza, Brendan Lemieux, Andrei Loktionov, Marcus Johansson, Tyler Bertuzzi, Logan Couture, Kyle Rau, Zach Hyman, JT Compher
Custom OT Lines Defensemen
Erik Gudbranson, Brady Skjei, Olli Maatta, Jalen Chatfield, Jamie Oleksiak

Scratches
Nate Schmidt (Torn Left ACL Injury), Ebbe Siönäs (Healthy)

% Time on Ice - Avalanche

Lines # - Real PCT - Wanted PCT - Time Play
Normal Forward
1 - 29% - 31% - 14:54
2 - 29% - 31% - 15:15
3 - 27% - 27% - 14:09
4 - 15% - 11% - 7:46
Normal Defense
1 - 37% - 35% - 19:16
2 - 33% - 33% - 17:03
3 - 28% - 28% - 14:39
4 - 2% - 4% - 1:06
PP Forward
1 - 67% - 50% - 1:20
2 - 33% - 50% - 0:39
PP Defense
1 - 32% - 50% - 0:38
2 - 68% - 50% - 1:21
PK Forward
1 - 50% - 50% - 2:59
2 - 50% - 50% - 2:58
PK Defense
1 - 52% - 50% - 3:05
2 - 48% - 50% - 2:52
PK3 Forward
1 - 0% - 57%
2 - 0% - 43%
PK3 Defense
1 - 0% - 50%
2 - 0% - 50%
44 Forward
1 - 0% - 50%
2 - 0% - 50%
44 Defense
1 - 0% - 55%
2 - 0% - 45%
Last Minute Offensive  - 0:00
Last Minute Defensive  - 0:00
Total
Forward - 60:00
Defense - 60:00

% Time on Ice - Kraken

Lines # - Real PCT - Wanted PCT - Time Play
Normal Forward
1 - 34% - 40% - 17:30
2 - 28% - 30% - 14:23
3 - 22% - 25% - 11:32
4 - 17% - 5% - 8:39
Normal Defense
1 - 41% - 40% - 21:23
2 - 29% - 30% - 15:01
3 - 29% - 29% - 15:12
4 - 1% - 1% - 0:28
PP Forward
1 - 43% - 50% - 2:33
2 - 57% - 50% - 3:24
PP Defense
1 - 57% - 50% - 3:25
2 - 43% - 50% - 2:32
PK Forward
1 - 49% - 55% - 0:58
2 - 51% - 45% - 1:01
PK Defense
1 - 49% - 55% - 0:58
2 - 51% - 45% - 1:01
PK3 Forward
1 - 0% - 50%
2 - 0% - 50%
PK3 Defense
1 - 0% - 50%
2 - 0% - 50%
44 Forward
1 - 0% - 50%
2 - 0% - 50%
44 Defense
1 - 0% - 50%
2 - 0% - 50%
Last Minute Offensive  - 0:00
Last Minute Defensive  - 0:00
Total
Forward - 60:00
Defense - 60:00

Play-by-Play

1st period


0:01 of 1st period - Jean-Gabriel Pageau wins face-off versus Ryan Nugent-Hopkins in neutral zone.
0:32 of 1st period - David Rundblad is hit by Jason Spezza and loses puck.
0:51 of 1st period - Tyler Bertuzzi is hit by David Rundblad and loses puck.
0:56 of 1st period - Wrist shot by Jeff Carter.
0:56 of 1st period - Deflect By Joseph Blandisi.
0:56 of 1st period - Stopped by Joonas Korpisalo with a rebound.
0:58 of 1st period - Snap shot by Nick Cousins.
0:58 of 1st period - Stopped by Joonas Korpisalo without a rebound.
0:59 of 1st period - Drake Caggiula wins face-off versus Kyle Rau in Kraken zone.
1:12 of 1st period - Wrist shot by JT Compher.
1:12 of 1st period - Stopped by Robin Lehner with a rebound.
1:14 of 1st period - Slapshot by Jalen Chatfield.
1:14 of 1st period - Deflect By Luke Witkowski.
1:14 of 1st period - Stopped by Robin Lehner with a rebound.
1:16 of 1st period - Slapshot by Jamie Oleksiak.
1:16 of 1st period - Shot Misses the Net.
1:59 of 1st period - Wrist shot by Jason Spezza.
1:59 of 1st period - Stopped by Robin Lehner with a rebound.
2:13 of 1st period - Slapshot by Tyler Bertuzzi.
2:13 of 1st period - Shot Blocked by Kyle Clifford.
2:38 of 1st period - Off-side.
2:39 of 1st period - Ryan Nugent-Hopkins wins face-off versus Jeff Carter in neutral zone.
2:44 of 1st period - Slapshot by Erik Gudbranson.
2:44 of 1st period - Deflect By Brendan Lemieux.
2:44 of 1st period - Shot Blocked by Brian Dumoulin.
2:44 of 1st period - Puck is out of play.
2:45 of 1st period - Ryan Nugent-Hopkins wins face-off versus Jeff Carter in Avalanche zone.
3:14 of 1st period - Snap shot by Rickard Rakell.
3:14 of 1st period - Deflect By Andrei Kuzmenko.
3:14 of 1st period - Goal by Andrei Kuzmenko - Avalanche : 1 - Kraken : 0.
3:15 of 1st period - Logan Couture wins face-off versus Bryan Little in neutral zone.
3:22 of 1st period - Wrist shot by Logan Couture.
3:22 of 1st period - Shot Misses the Net.
3:50 of 1st period - Snap shot by Rickard Rakell.
3:50 of 1st period - Shot Misses the Net.
4:31 of 1st period - Slapshot by Brady Skjei.
4:31 of 1st period - Stopped by Robin Lehner with a rebound.
4:35 of 1st period - Snap shot by Marcus Johansson.
4:35 of 1st period - Shot Misses the Net.
4:37 of 1st period - Wrist shot by Andrei Loktionov.
4:37 of 1st period - Shot Blocked by David Rundblad.
4:39 of 1st period - Snap shot by Andrei Loktionov.
4:39 of 1st period - Shot Blocked by David Rundblad.
4:41 of 1st period - Slapshot by Brady Skjei.
4:41 of 1st period - Shot Blocked by Luke Witkowski.
5:11 of 1st period - Brian Dumoulin is hit by Jamie Oleksiak and loses puck.
5:32 of 1st period - Nick Cousins is hit by Olli Maatta and loses puck.
6:12 of 1st period - Wrist shot by Anthony Duclair.
6:12 of 1st period - Shot Blocked by Jakub Zboril.
7:05 of 1st period - Jeff Carter is hit by Andrei Loktionov and loses puck.
7:20 of 1st period - Wrist shot by JT Compher.
7:20 of 1st period - Stopped by Robin Lehner without a rebound.
7:21 of 1st period - Kyle Rau wins face-off versus Bryan Little in Avalanche zone.
7:38 of 1st period - Snap shot by Bryan Little.
7:38 of 1st period - Shot Blocked by Jalen Chatfield.
7:40 of 1st period - Snap shot by Jack Johnson.
7:40 of 1st period - Stopped by Joonas Korpisalo with a rebound.
8:02 of 1st period - Wrist shot by Patric Hornqvist.
8:02 of 1st period - Stopped by Joonas Korpisalo without a rebound.
8:03 of 1st period - Ryan Nugent-Hopkins wins face-off versus Jean-Gabriel Pageau in Kraken zone.
8:03 of 1st period - Ryan Nugent-Hopkins is hit by Jean-Gabriel Pageau.
8:29 of 1st period - Jason Spezza is hit by Jeff Carter and loses puck.
9:14 of 1st period - Minor Penalty to Bryan Little for Interference.
9:15 of 1st period - Ryan Nugent-Hopkins wins face-off versus Jean-Gabriel Pageau in Avalanche zone.
9:29 of 1st period - Off-side.
9:30 of 1st period - Andrei Loktionov wins face-off versus Rickard Rakell in neutral zone.
9:32 of 1st period - Off-side.
9:33 of 1st period - Rickard Rakell wins face-off versus Andrei Loktionov in neutral zone.
10:09 of 1st period - Slapshot by Brendan Gallagher.
10:09 of 1st period - Shot Misses the Net.
11:14 of 1st period - Penalty to Bryan Little is over, Bryan Little is back on ice.
11:48 of 1st period - Wrist shot by Bryan Little.
11:48 of 1st period - Stopped by Joonas Korpisalo with a rebound.
12:14 of 1st period - Wrist shot by Tyler Bertuzzi.
12:14 of 1st period - Shot Misses the Net.
12:16 of 1st period - Slapshot by Olli Maatta.
12:16 of 1st period - Shot Blocked by Stefan Elliott.
12:18 of 1st period - Slapshot by Olli Maatta.
12:18 of 1st period - Stopped by Robin Lehner with a rebound.
12:20 of 1st period - Slapshot by Logan Couture.
12:20 of 1st period - Shot Blocked by Jordan Schmaltz.
12:22 of 1st period - Slapshot by Olli Maatta.
12:22 of 1st period - Shot Blocked by Jordan Schmaltz.
12:24 of 1st period - Slapshot by Tyler Bertuzzi.
12:24 of 1st period - Shot Misses the Net.
12:26 of 1st period - Slapshot by Logan Couture.
12:26 of 1st period - Deflect By Zach Hyman.
12:26 of 1st period - Goal by Zach Hyman - Avalanche : 1 - Kraken : 1.
12:27 of 1st period - Nick Cousins wins face-off versus Ryan Nugent-Hopkins in neutral zone.
12:29 of 1st period - Off-side.
12:30 of 1st period - Jeff Carter wins face-off versus Ryan Nugent-Hopkins in neutral zone.
12:45 of 1st period - Brady Skjei is hit by Jack Johnson and loses puck.
13:00 of 1st period - Backhand shot by Andrei Loktionov.
13:00 of 1st period - Goal by Andrei Loktionov - Avalanche : 1 - Kraken : 2.
13:01 of 1st period - Ryan Nugent-Hopkins wins face-off versus Jean-Gabriel Pageau in neutral zone.
13:18 of 1st period - Wrist shot by Brendan Lemieux.
13:18 of 1st period - Shot Misses the Net.
13:33 of 1st period - Slapshot by Marcus Johansson.
13:33 of 1st period - Shot Misses the Net.
13:35 of 1st period - Slapshot by Jamie Oleksiak.
13:35 of 1st period - Deflect By Jacob Slavin.
13:35 of 1st period - Stopped by Robin Lehner with a rebound.
13:37 of 1st period - Slapshot by Jalen Chatfield.
13:37 of 1st period - Stopped by Robin Lehner with a rebound.
13:39 of 1st period - Slapshot by Jalen Chatfield.
13:39 of 1st period - Deflect By Bryan Little.
13:39 of 1st period - Goal by Jalen Chatfield - Avalanche : 1 - Kraken : 3.
13:40 of 1st period - Ryan Nugent-Hopkins wins face-off versus Jean-Gabriel Pageau in neutral zone.
14:07 of 1st period - Rickard Rakell is hit by Tyler Bertuzzi and loses puck.
14:22 of 1st period - Wrist shot by Andrei Kuzmenko.
14:22 of 1st period - Deflect By Jean-Gabriel Pageau.
14:22 of 1st period - Shot Misses the Net.
14:22 of 1st period - Puck is out of play.
14:23 of 1st period - Ryan Nugent-Hopkins wins face-off versus Bryan Little in Kraken zone.
14:28 of 1st period - Slapshot by Erik Gudbranson.
14:28 of 1st period - Stopped by Robin Lehner without a rebound.
14:29 of 1st period - Ryan Nugent-Hopkins wins face-off versus Bryan Little in Avalanche zone.
14:30 of 1st period - Snap shot by Brendan Gallagher.
14:30 of 1st period - Shot Misses the Net.
14:32 of 1st period - Wrist shot by Brendan Lemieux.
14:32 of 1st period - Stopped by Robin Lehner without a rebound.
14:33 of 1st period - Bryan Little wins face-off versus Ryan Nugent-Hopkins in Avalanche zone.
15:54 of 1st period - Snap shot by Bryan Little.
15:54 of 1st period - Stopped by Joonas Korpisalo without a rebound.
15:55 of 1st period - Andrei Loktionov wins face-off versus Jeff Carter in Kraken zone.
15:55 of 1st period - Andrei Loktionov is hit by Nick Cousins.
16:11 of 1st period - Snap shot by Andrei Loktionov.
16:11 of 1st period - Deflect By Marcus Johansson.
16:11 of 1st period - Shot Blocked by Jeff Carter.
16:11 of 1st period - Puck is out of play.
16:12 of 1st period - Jean-Gabriel Pageau wins face-off versus Logan Couture in Avalanche zone.
16:41 of 1st period - Joseph Blandisi is hit by Jamie Oleksiak and loses puck.
17:04 of 1st period - Slapshot by Anthony Duclair.
17:04 of 1st period - Shot Hit the Post.
17:38 of 1st period - Snap shot by Jamie Oleksiak.
17:38 of 1st period - Stopped by Robin Lehner with a rebound.
18:03 of 1st period - Snap shot by Jordan Schmaltz.
18:03 of 1st period - Stopped by Joonas Korpisalo with a rebound.
18:35 of 1st period - Snap shot by Jeff Carter.
18:35 of 1st period - Shot Blocked by Jakub Zboril.
18:41 of 1st period - Jordan Schmaltz is hit by Tyler Bertuzzi and loses puck.
19:18 of 1st period - Snap shot by Andrei Kuzmenko.
19:18 of 1st period - Deflect By Jean-Gabriel Pageau.
19:18 of 1st period - Shot Blocked by Erik Gudbranson.
19:18 of 1st period - Puck is out of play.
19:19 of 1st period - Jeff Carter wins face-off versus Ryan Nugent-Hopkins in Kraken zone.
19:32 of 1st period - Snap shot by Ryan Nugent-Hopkins.
19:32 of 1st period - Stopped by Robin Lehner with a rebound.
19:34 of 1st period - Snap shot by Jakub Zboril.
19:34 of 1st period - Deflect By Brendan Gallagher.
19:34 of 1st period - Shot Misses the Net.
19:34 of 1st period - Puck is out of play.
19:35 of 1st period - Andrei Loktionov wins face-off versus Jean-Gabriel Pageau in Avalanche zone.
19:46 of 1st period - Snap shot by Brian Dumoulin.
19:46 of 1st period - Stopped by Joonas Korpisalo without a rebound.
19:47 of 1st period - Jeff Carter wins face-off versus Ryan Nugent-Hopkins in Kraken zone.
Goals for this period are 1 for Avalanche vs 3 for Kraken.
Shots for this period are 9 for Avalanche vs 15 for Kraken.

2nd period


0:01 of 2nd period - Jean-Gabriel Pageau wins face-off versus Ryan Nugent-Hopkins in neutral zone.
0:04 of 2nd period - Snap shot by Andrei Kuzmenko.
0:04 of 2nd period - Shot Misses the Net.
0:48 of 2nd period - Wrist shot by Anthony Duclair.
0:48 of 2nd period - Shot Misses the Net.
0:52 of 2nd period - Slapshot by Drake Caggiula.
0:52 of 2nd period - Shot Blocked by Brady Skjei.
0:54 of 2nd period - Snap shot by Luke Witkowski.
0:54 of 2nd period - Shot Blocked by Tyler Bertuzzi.
1:12 of 2nd period - Erik Gudbranson is hit by Kyle Clifford and loses puck.
1:33 of 2nd period - Snap shot by Ryan Nugent-Hopkins.
1:33 of 2nd period - Shot Misses the Net.
1:35 of 2nd period - Slapshot by Brady Skjei.
1:35 of 2nd period - Stopped by Robin Lehner without a rebound.
1:36 of 2nd period - Jeff Carter wins face-off versus Ryan Nugent-Hopkins in Avalanche zone.
2:14 of 2nd period - Slapshot by Andrei Loktionov.
2:14 of 2nd period - Stopped by Robin Lehner without a rebound.
2:15 of 2nd period - Jean-Gabriel Pageau wins face-off versus Logan Couture in Avalanche zone.
2:19 of 2nd period - Off-side.
2:20 of 2nd period - Logan Couture wins face-off versus Jean-Gabriel Pageau in neutral zone.
2:31 of 2nd period - Snap shot by Tyler Bertuzzi.
2:31 of 2nd period - Shot Misses the Net.
2:33 of 2nd period - Snap shot by Logan Couture.
2:33 of 2nd period - Shot Misses the Net.
3:31 of 2nd period - David Rundblad is hit by Jalen Chatfield and loses puck.
3:36 of 2nd period - Snap shot by Tyler Bertuzzi.
3:36 of 2nd period - Stopped by Robin Lehner without a rebound.
3:37 of 2nd period - Jean-Gabriel Pageau wins face-off versus Ryan Nugent-Hopkins in Avalanche zone.
3:44 of 2nd period - Slapshot by Andrei Kuzmenko.
3:44 of 2nd period - Stopped by Joonas Korpisalo with a rebound.
3:46 of 2nd period - Wrist shot by Jean-Gabriel Pageau.
3:46 of 2nd period - Stopped by Joonas Korpisalo with a rebound.
3:48 of 2nd period - Slapshot by Stefan Elliott.
3:48 of 2nd period - Deflect By Andrei Kuzmenko.
3:48 of 2nd period - Shot Misses the Net.
3:48 of 2nd period - Puck is out of play.
3:49 of 2nd period - Bryan Little wins face-off versus Andrei Loktionov in Kraken zone.
3:50 of 2nd period - Backhand shot by Patric Hornqvist.
3:50 of 2nd period - Shot Blocked by Andrei Loktionov.
3:58 of 2nd period - Snap shot by Marcus Johansson.
3:58 of 2nd period - Shot Misses the Net.
4:00 of 2nd period - Snap shot by Andrei Loktionov.
4:00 of 2nd period - Shot Blocked by Jacob Slavin.
4:02 of 2nd period - Wrist shot by Jason Spezza.
4:02 of 2nd period - Stopped by Robin Lehner without a rebound.
4:03 of 2nd period - Ryan Nugent-Hopkins wins face-off versus Jeff Carter in Avalanche zone.
4:52 of 2nd period - Slapshot by JT Compher.
4:52 of 2nd period - Deflect By Victor Olofsson.
4:52 of 2nd period - Shot Misses the Net.
4:52 of 2nd period - Puck is out of play.
4:53 of 2nd period - Kyle Rau wins face-off versus Bryan Little in Avalanche zone.
5:20 of 2nd period - Wrist shot by Marcus Johansson.
5:20 of 2nd period - Shot Blocked by Jack Johnson.
5:22 of 2nd period - Snap shot by Marcus Johansson.
5:22 of 2nd period - Stopped by Robin Lehner with a rebound.
5:30 of 2nd period - Snap shot by Jason Spezza.
5:30 of 2nd period - Shot Misses the Net.
5:32 of 2nd period - Snap shot by Marcus Johansson.
5:32 of 2nd period - Shot Misses the Net.
5:34 of 2nd period - Wrist shot by Andrei Loktionov.
5:34 of 2nd period - Goal by Andrei Loktionov - Avalanche : 1 - Kraken : 4.
5:35 of 2nd period - Ryan Nugent-Hopkins wins face-off versus Jean-Gabriel Pageau in neutral zone.
5:46 of 2nd period - Wrist shot by Andrei Kuzmenko.
5:46 of 2nd period - Stopped by Joonas Korpisalo without a rebound.
5:47 of 2nd period - Ryan Nugent-Hopkins wins face-off versus Kyle Clifford in Kraken zone.
6:14 of 2nd period - Marcus Johansson is hit by Rickard Rakell and loses puck.
6:24 of 2nd period - Minor Penalty to Brian Dumoulin for Tripping.
6:25 of 2nd period - Jean-Gabriel Pageau wins face-off versus Andrei Loktionov in Avalanche zone.
6:44 of 2nd period - Jason Spezza is hit by Jean-Gabriel Pageau and loses puck.
6:48 of 2nd period - Icing by Jason Spezza.
6:49 of 2nd period - Andrei Loktionov wins face-off versus Jean-Gabriel Pageau in Kraken zone.
7:16 of 2nd period - Wrist shot by Bryan Little.
7:16 of 2nd period - Shot Misses the Net.
8:24 of 2nd period - Penalty to Brian Dumoulin is over, Brian Dumoulin is back on ice.
8:34 of 2nd period - Joseph Blandisi is hit by Logan Couture and loses puck.
8:39 of 2nd period - Wrist shot by Logan Couture.
8:39 of 2nd period - Stopped by Robin Lehner with a rebound.
9:46 of 2nd period - Olli Maatta is hit by Brian Dumoulin and loses puck.
10:01 of 2nd period - Victor Olofsson is hit by Luke Witkowski and loses puck.
10:10 of 2nd period - Slapshot by Olli Maatta.
10:10 of 2nd period - Stopped by Robin Lehner without a rebound.
10:11 of 2nd period - Ryan Nugent-Hopkins wins face-off versus Bryan Little in Avalanche zone.
10:14 of 2nd period - Snap shot by Ryan Nugent-Hopkins.
10:14 of 2nd period - Deflect By Brendan Gallagher.
10:14 of 2nd period - Stopped by Robin Lehner with a rebound.
10:28 of 2nd period - Wrist shot by Kyle Clifford.
10:28 of 2nd period - Stopped by Joonas Korpisalo with a rebound.
10:45 of 2nd period - Slapshot by Nick Cousins.
10:45 of 2nd period - Shot Misses the Net.
11:05 of 2nd period - Snap shot by Logan Couture.
11:05 of 2nd period - Shot Blocked by Jordan Schmaltz.
11:07 of 2nd period - Snap shot by Zach Hyman.
11:07 of 2nd period - Shot Misses the Net.
11:36 of 2nd period - Minor Penalty to Drake Caggiula for Cross-checking.
11:37 of 2nd period - Jean-Gabriel Pageau wins face-off versus Ryan Nugent-Hopkins in Avalanche zone.
11:51 of 2nd period - Wrist shot by Ryan Nugent-Hopkins.
11:51 of 2nd period - Shot Misses the Net.
11:53 of 2nd period - Slapshot by Olli Maatta.
11:53 of 2nd period - Stopped by Robin Lehner with a rebound.
12:03 of 2nd period - Jamie Oleksiak is hit by Jacob Slavin and loses puck.
13:36 of 2nd period - Penalty to Drake Caggiula is over, Drake Caggiula is back on ice.
13:40 of 2nd period - Drake Caggiula is hit by Brendan Lemieux and loses puck.
13:55 of 2nd period - Slapshot by Brady Skjei.
13:55 of 2nd period - Shot Misses the Net.
13:57 of 2nd period - Wrist shot by Kyle Rau.
13:57 of 2nd period - Stopped by Robin Lehner with a rebound.
14:59 of 2nd period - Jalen Chatfield is hit by Brian Dumoulin and loses puck.
15:24 of 2nd period - Bryan Little is hit by Marcus Johansson and loses puck.
16:31 of 2nd period - Slapshot by Olli Maatta.
16:31 of 2nd period - Stopped by Robin Lehner with a rebound.
16:33 of 2nd period - Snap shot by Marcus Johansson.
16:33 of 2nd period - Shot Blocked by David Rundblad.
16:40 of 2nd period - Icing by David Rundblad.
16:41 of 2nd period - Kyle Rau wins face-off versus Jeff Carter in Avalanche zone.
16:46 of 2nd period - Wrist shot by Kyle Rau.
16:46 of 2nd period - Shot Hit the Post.
17:08 of 2nd period - Jacob Slavin is hit by Erik Gudbranson and loses puck.
17:41 of 2nd period - Slapshot by Jacob Slavin.
17:41 of 2nd period - Deflect By Marcus Johansson.
17:41 of 2nd period - Stopped by Joonas Korpisalo without a rebound.
17:42 of 2nd period - Jeff Carter wins face-off versus Ryan Nugent-Hopkins in Kraken zone.
17:43 of 2nd period - Backhand shot by Joseph Blandisi.
17:43 of 2nd period - Shot Misses the Net.
17:45 of 2nd period - Wrist shot by Joseph Blandisi.
17:45 of 2nd period - Stopped by Joonas Korpisalo without a rebound.
17:46 of 2nd period - Nick Cousins wins face-off versus Ryan Nugent-Hopkins in Kraken zone.
18:01 of 2nd period - Snap shot by Brady Skjei.
18:01 of 2nd period - Deflect By Ryan Nugent-Hopkins.
18:01 of 2nd period - Shot Blocked by Jeff Carter.
18:01 of 2nd period - Puck is out of play.
18:02 of 2nd period - Andrei Loktionov wins face-off versus Jean-Gabriel Pageau in Avalanche zone.
18:17 of 2nd period - Slapshot by Marcus Johansson.
18:17 of 2nd period - Stopped by Robin Lehner with a rebound.
18:19 of 2nd period - Wrist shot by Erik Gudbranson.
18:19 of 2nd period - Shot Misses the Net.
19:00 of 2nd period - Snap shot by Logan Couture.
19:00 of 2nd period - Stopped by Robin Lehner without a rebound.
19:01 of 2nd period - Andrei Loktionov wins face-off versus Jean-Gabriel Pageau in Avalanche zone.
19:28 of 2nd period - Brendan Lemieux is hit by Bryan Little and loses puck.
Goals for this period are 0 for Avalanche vs 1 for Kraken.
Shots for this period are 6 for Avalanche vs 14 for Kraken.

3rd period


0:01 of 3rd period - Ryan Nugent-Hopkins wins face-off versus Jean-Gabriel Pageau in neutral zone.
0:10 of 3rd period - Slapshot by Brendan Lemieux.
0:10 of 3rd period - Shot Blocked by Jacob Slavin.
0:12 of 3rd period - Wrist shot by Ryan Nugent-Hopkins.
0:12 of 3rd period - Shot Blocked by Jack Johnson.
0:26 of 3rd period - Marcus Johansson is hit by Jack Johnson and loses puck.
1:18 of 3rd period - Wrist shot by Drake Caggiula.
1:18 of 3rd period - Stopped by Joonas Korpisalo with a rebound.
1:20 of 3rd period - Snap shot by Anthony Duclair.
1:20 of 3rd period - Shot Misses the Net.
1:29 of 3rd period - Brendan Lemieux is hit by Andrei Kuzmenko and loses puck.
1:51 of 3rd period - Off-side.
1:52 of 3rd period - Andrei Loktionov wins face-off versus Jeff Carter in neutral zone.
2:02 of 3rd period - Icing by Stefan Elliott.
2:03 of 3rd period - Ryan Nugent-Hopkins wins face-off versus Jeff Carter in Avalanche zone.
2:22 of 3rd period - Ryan Nugent-Hopkins is hit by Jeff Carter and loses puck.
2:27 of 3rd period - Slapshot by Nick Cousins.
2:27 of 3rd period - Stopped by Joonas Korpisalo with a rebound.
2:29 of 3rd period - Snap shot by Stefan Elliott.
2:29 of 3rd period - Stopped by Joonas Korpisalo with a rebound.
2:31 of 3rd period - Slapshot by Stefan Elliott.
2:31 of 3rd period - Shot Blocked by Brendan Lemieux.
2:33 of 3rd period - Wrist shot by Jeff Carter.
2:33 of 3rd period - Shot Misses the Net.
3:17 of 3rd period - Slapshot by Jeff Carter.
3:17 of 3rd period - Shot Misses the Net.
3:25 of 3rd period - Wrist shot by Nick Cousins.
3:25 of 3rd period - Shot Blocked by Erik Gudbranson.
3:27 of 3rd period - Wrist shot by Nick Cousins.
3:27 of 3rd period - Stopped by Joonas Korpisalo without a rebound.
3:28 of 3rd period - Andrei Loktionov wins face-off versus Jean-Gabriel Pageau in Kraken zone.
3:37 of 3rd period - Snap shot by Andrei Kuzmenko.
3:37 of 3rd period - Stopped by Joonas Korpisalo with a rebound.
3:43 of 3rd period - Slapshot by Marcus Johansson.
3:43 of 3rd period - Stopped by Robin Lehner without a rebound.
3:44 of 3rd period - Tyler Bertuzzi wins face-off versus Bryan Little in Avalanche zone.
3:51 of 3rd period - Snap shot by Kyle Clifford.
3:51 of 3rd period - Stopped by Joonas Korpisalo with a rebound.
4:11 of 3rd period - Jean-Gabriel Pageau is hit by Jakub Zboril and loses puck.
4:18 of 3rd period - Wrist shot by David Rundblad.
4:18 of 3rd period - Stopped by Joonas Korpisalo with a rebound.
4:20 of 3rd period - Slapshot by Jack Johnson.
4:20 of 3rd period - Stopped by Joonas Korpisalo with a rebound.
4:22 of 3rd period - Slapshot by Jack Johnson.
4:22 of 3rd period - Stopped by Joonas Korpisalo without a rebound.
4:23 of 3rd period - Bryan Little wins face-off versus Andrei Loktionov in Kraken zone.
6:40 of 3rd period - Snap shot by Luke Witkowski.
6:40 of 3rd period - Stopped by Joonas Korpisalo with a rebound.
7:46 of 3rd period - Wrist shot by Rickard Rakell.
7:46 of 3rd period - Stopped by Joonas Korpisalo with a rebound.
8:18 of 3rd period - Kyle Rau is hit by Brian Dumoulin and loses puck.
8:39 of 3rd period - Snap shot by Bryan Little.
8:39 of 3rd period - Shot Blocked by Zach Hyman.
8:53 of 3rd period - Wrist shot by Tyler Bertuzzi.
8:53 of 3rd period - Shot Misses the Net.
9:29 of 3rd period - Wrist shot by Zach Hyman.
9:29 of 3rd period - Stopped by Robin Lehner without a rebound.
9:30 of 3rd period - Logan Couture wins face-off versus Bryan Little in Avalanche zone.
9:31 of 3rd period - Snap shot by Tyler Bertuzzi.
9:31 of 3rd period - Shot Misses the Net.
9:33 of 3rd period - Slapshot by Olli Maatta.
9:33 of 3rd period - Shot Blocked by David Rundblad.
10:01 of 3rd period - Snap shot by Ryan Nugent-Hopkins.
10:01 of 3rd period - Shot Misses the Net.
10:07 of 3rd period - Backhand shot by Brian Dumoulin.
10:07 of 3rd period - Stopped by Joonas Korpisalo without a rebound.
10:08 of 3rd period - Bryan Little wins face-off versus Andrei Loktionov in Kraken zone.
10:17 of 3rd period - Snap shot by Brady Skjei.
10:17 of 3rd period - Deflect By Andrei Loktionov.
10:17 of 3rd period - Stopped by Robin Lehner without a rebound.
10:18 of 3rd period - Andrei Loktionov wins face-off versus Bryan Little in Avalanche zone.
10:33 of 3rd period - Wrist shot by Kyle Clifford.
10:33 of 3rd period - Shot Misses the Net.
10:35 of 3rd period - Slapshot by Jordan Schmaltz.
10:35 of 3rd period - Stopped by Joonas Korpisalo without a rebound.
10:36 of 3rd period - Rickard Rakell wins face-off versus Ryan Nugent-Hopkins in Kraken zone.
10:48 of 3rd period - Minor Penalty to Jakub Zboril for Holding.
10:49 of 3rd period - Jean-Gabriel Pageau wins face-off versus Logan Couture in Kraken zone.
10:49 of 3rd period - Slapshot by Kyle Clifford.
10:49 of 3rd period - Shot Misses the Net.
11:15 of 3rd period - Brady Skjei is hit by David Rundblad and loses puck.
12:00 of 3rd period - Off-side.
12:01 of 3rd period - Jean-Gabriel Pageau wins face-off versus Logan Couture in neutral zone.
12:48 of 3rd period - Penalty to Jakub Zboril is over, Jakub Zboril is back on ice.
12:51 of 3rd period - Wrist shot by Jean-Gabriel Pageau.
12:51 of 3rd period - Shot Misses the Net.
12:53 of 3rd period - Snap shot by Rickard Rakell.
12:53 of 3rd period - Shot Misses the Net.
13:07 of 3rd period - Slapshot by Rickard Rakell.
13:07 of 3rd period - Shot Misses the Net.
13:17 of 3rd period - Snap shot by Olli Maatta.
13:17 of 3rd period - Stopped by Robin Lehner with a rebound.
13:32 of 3rd period - Olli Maatta is hit by Kyle Clifford and loses puck.
13:37 of 3rd period - Slapshot by Kyle Clifford.
13:37 of 3rd period - Shot Misses the Net.
13:39 of 3rd period - Slapshot by Brian Dumoulin.
13:39 of 3rd period - Deflect By Rickard Rakell.
13:39 of 3rd period - Shot Misses the Net.
13:39 of 3rd period - Puck is out of play.
13:40 of 3rd period - Jeff Carter wins face-off versus Ryan Nugent-Hopkins in Kraken zone.
13:49 of 3rd period - Wrist shot by Joseph Blandisi.
13:49 of 3rd period - Shot Misses the Net.
13:51 of 3rd period - Wrist shot by Joseph Blandisi.
13:51 of 3rd period - Stopped by Joonas Korpisalo with a rebound.
13:53 of 3rd period - Slapshot by Stefan Elliott.
13:53 of 3rd period - Shot Blocked by Erik Gudbranson.
13:55 of 3rd period - Slapshot by Stefan Elliott.
13:55 of 3rd period - Stopped by Joonas Korpisalo with a rebound.
14:14 of 3rd period - Snap shot by Anthony Duclair.
14:14 of 3rd period - Stopped by Joonas Korpisalo with a rebound.
15:40 of 3rd period - Bryan Little is hit by Brendan Lemieux and loses puck.
16:07 of 3rd period - Stefan Elliott is hit by Erik Gudbranson and loses puck.
16:43 of 3rd period - Bryan Little is hit by Victor Olofsson and loses puck.
17:39 of 3rd period - Logan Couture is hit by Drake Caggiula and loses puck.
18:09 of 3rd period - Icing by Jalen Chatfield.
18:10 of 3rd period - Ryan Nugent-Hopkins wins face-off versus Jeff Carter in Kraken zone.
18:44 of 3rd period - Wrist shot by Kyle Clifford.
18:44 of 3rd period - Stopped by Joonas Korpisalo without a rebound.
18:45 of 3rd period - Jean-Gabriel Pageau wins face-off versus Andrei Loktionov in Kraken zone.
19:11 of 3rd period - Bryan Little is hit by Brendan Gallagher.
19:17 of 3rd period - Snap shot by Kyle Clifford.
19:17 of 3rd period - Shot Misses the Net.
19:37 of 3rd period - Slapshot by Brady Skjei.
19:37 of 3rd period - Stopped by Robin Lehner with a rebound.
19:53 of 3rd period - Drake Caggiula is hit by JT Compher and loses puck.
Goals for this period are 0 for Avalanche vs 0 for Kraken.
Shots for this period are 17 for Avalanche vs 5 for Kraken.